[Event "GrandPrix_29.05"]
[Site "Chess.com"]
[Date "2020.05.29"]
[Round "3"]
[White "ftorodent"]
[Black "kayrakamer"]
[Result "1-0"]
[WhiteElo "2075"]
[BlackElo "2080"]
[TimeControl "600+2"]
[EndTime "10:19:26 PDT"]
[Termination "ftorodent won by resignation"]

1. d4 Nf6 2. c4 g6 3. Nc3 Bg7 4.
e4 d6 5. Nf3 O-O 6. Be2 Bg4 7.
Be3 Nfd7 8. O-O c5 9. d5 Na6 10. Rc1 Nc7 11. Nd2 Bxe2 12. Qxe2 e6 13. Bf4 e5 14. Be3 f5 15. f3 f4 16. Bf2 g5 17. a3 h5 18. b4 b6 19. Nb5 Nxb5 20.
cxb5 Nf6 21. bxc5 bxc5 22. Nc4 Qd7 23. a4 g4 24. Rb1 Rf7 25. Rfc1 Bf8 26. a5 Rg7 27.
Bh4 Nh7 28. b6 Be7 29. b7 Rb8 30. Bxe7 Qxe7 31. a6 Ng5 32. Kh1 g3 33. Na5 Nf7 34.
Nc6 Qh4 35. h3 Ng5 36. Rc2 Nxh3 37. gxh3 Qxh3+ 38. Kg1 g2 39. Qxg2 Qxf3 40. Nxb8 Qxe4 41. Nc6 Qe3+ 42. Kh2 1-0

[Event "GrandPrix_29.05"]
[Site "Chess.com"]
[Date "2020.05.29"]
[Round "3"]
[White "Nikithebest"]
[Black "fm_magua"]
[Result "1/2-1/2"]
[WhiteElo "2130"]
[BlackElo "1787"]
[TimeControl "600+2"]
[EndTime "10:19:59 PDT"]
[Termination "Game drawn by agreement"]

1. e4 c5 2. Nf3 Nc6 3. Bb5 g6 4.
O-O Bg7 5. Nc3 Nf6 6. e5 Ng4 7. Bxc6 dxc6 8. Re1 O-O 9. h3 Nh6 10. d3 Nf5 11. Ne4 b6 12. a4 a5 13. Qe2 Nd4 14.
Nxd4 cxd4 15. Bf4 c5 16. b3 h6 17. h4 Be6 18. Qf3 Qd7 19. Qg3 Bf5 20. Nd2 Rae8 21. Nc4 Qc6 22. Bd2 Kh7 23. Qf4 Bc8 24. Qe4 Qc7 25. Bf4 Bb7 26. Qe2 Qc6 27. f3 Qe6 28.
Qf2 Bd5 29. Qg3 Rc8 30. Kf2 Rc6 31. Re2 Qf5 32. Kg1 Re6 33. Rae1 h5 34. Qg5 Qxg5 35. Bxg5 Bh6 36. Bxh6 Kxh6 37. f4 Rc8 38. g3 Rcc6 39. Kf2 Bxc4 40. bxc4 Kg7 41. Kf3 Kf8 42. g4 hxg4+ 43. Kxg4 Ke8 44. Kg5 Kd7 45. Re4 Rc8 46. Kg4 Rh8 47. R4e2 Rh5 48. Rb1 Rc6 49. Ree1 e6 50.
Rh1 Kc7 51. Kf3 Kb7 52. Rbg1 Rc8 53. Kg3 Kc7 54. Rb1 Rch8 55. Rbg1 1/2-1/2

[Event "GrandPrix_29.05"]
[Site "Chess.com"]
[Date "2020.05.29"]
[Round "3"]
[White "TimofeevAr"]
[Black "nurgyulsalimova"]
[Result "1-0"]
[WhiteElo "2516"]
[BlackElo "2223"]
[TimeControl "600+2"]
[EndTime "10:20:14 PDT"]
[Termination "TimofeevAr won by resignation"]

1. c4 e6 2. Nf3 Nf6 3. Nc3 d5 4. e3 Nbd7 5. d4 c6 6. Be2 dxc4 7. a4 c5 8. O-O cxd4 9. Qxd4 Bc5 10. Qxc4 Qe7 11. b3 O-O 12. Bb2 b6 13. Ne4 Bb7 14. Nxc5 Nxc5 15. b4 Nce4 16. Bd4 Rac8 17. Qb3 Nd5 18.
b5 Rfd8 19. Rfc1 f6 20. h3 Rc7 21. Bb2 Rdc8 22. Rxc7 Rxc7 23. Nd4 Nc5 24. Qd1 Ne4 25.
Bf3 f5 26. Bxe4 fxe4 27. Qg4 Nf6 28. Qxe6+ Qxe6 29. Nxe6 Rc2 30. Bxf6 gxf6 31. Nd4 Rb2 32. a5 Bd5 33. axb6 axb6 34. Ra6 Rb1+ 35. Kh2 Rb2 36.
Kg3 h5 37. h4 Kf7 38. Rxb6 Kg6 39. Rb8 Bc4 40. b6 Ba6 41. Ne6 Bc4 42. Nc5 1-0

[Event "GrandPrix_29.05"]
[Site "Chess.com"]
[Date "2020.05.29"]
[Round "3"]
[White "yamalchess"]
[Black "AvitalBor"]
[Result "1-0"]
[WhiteElo "2462"]
[BlackElo "2429"]
[TimeControl "600+2"]
[EndTime "10:20:24 PDT"]
[Termination "yamalchess won by resignation"]

1. d4 Nf6 2. c4 e6 3. Nc3 d5 4. Bg5 Be7 5. e3 Nbd7 6. Nf3 h6 7. Bh4 b6 8. cxd5 exd5 9. Bb5 Bb7 10. Ne5 g5 11. Bg3 a6 12. Nc6 Qc8 13. Nxe7 Kxe7 14. Bd3 Nf8 15. Qb3 Qd7 16. h4 Nh5 17. Qa3+ Ke8 18. Be5 f6 19. hxg5 fxe5 20. Rxh5 e4 21.
Be2 Qg7 22. gxh6 Rxh6 23. O-O-O Rxh5 24. Bxh5+ Kd7 25. f3 Ne6 26. Bg4 Re8 27. Qb3 Qg5 28.
Ne2 Kd8 29. Rh1 Bc6 30. Rh5 Qg7 31. Rxd5+ Bxd5 32. Qxd5+ Qd7 33. Qxd7+ Kxd7 34. Nf4 exf3 1-0

[Event "GrandPrix_29.05"]
[Site "Chess.com"]
[Date "2020.05.29"]
[Round "3"]
[White "ArnaudovP"]
[Black "viktorko131"]
[Result "1-0"]
[WhiteElo "2235"]
[BlackElo "2178"]
[TimeControl "600+2"]
[EndTime "10:20:35 PDT"]
[Termination "ArnaudovP won by resignation"]

1. Nf3 Nf6 2. c4 c5 3. Nc3 g6 4. d4 cxd4 5. Nxd4 Bg7 6. e4 O-O 7. Be2 d6 8. Be3 Nc6 9. O-O Bd7 10. h3 Nxd4 11. Bxd4 Bc6 12. Qc2 a5 13. Rad1 Nd7 14.
Bxg7 Kxg7 15. Bg4 Ne5 16. c5 f5 17. exf5 h5 18. Be2 Rxf5 19. f4 Nf7 20. Bd3 Rf6 21.
Be4 Rc8 22. Kh1 Nh6 23. cxd6 Rxd6 24. Bxg6 Rxg6 25. Rxd8 Rxd8 26. Rf2 e6 27. Ne4 Nf5 28. Ng5 h4 29. Nxe6+ Rxe6 30. Qxf5 Re1+ 31. Kh2 Rdd1 32. Qg5+ Kf7 33. Qxh4 Rh1+ 34. Kg3 Rd3+ 35. Kg4 Bd7+ 36.
Kg5 Re1 37. Qh7+ Kf8 38. Qxd3 1-0

[Event "GrandPrix_29.05"]
[Site "Chess.com"]
[Date "2020.05.29"]
[Round "3"]
[White "DrVelja"]
[Black "Zadar321"]
[Result "1-0"]
[WhiteElo "2155"]
[BlackElo "1872"]
[TimeControl "600+2"]
[EndTime "10:20:51 PDT"]
[Termination "DrVelja won by resignation"]

1. e4 c5 2. Nf3 d6 3. d4 cxd4 4. Nxd4 Nf6 5. Nc3 Nc6 6. Bg5 g6 7. Bxf6 exf6 8. Bb5 Bd7 9. Qd3 Bg7 10. O-O-O O-O 11.
Nb3 Be6 12. Qxd6 Qb6 13. Qc5 f5 14. exf5 Bxf5 15. Nd5 Qxc5 16. Nxc5 Nd4 17. Ne7+ Kh8 18. Nxf5 gxf5 19. Bd3 Rfc8 20. Nb3 Nxb3+ 21. axb3 Rc5 22. Rhe1 a5 23. Re7 a4 24. b4 a3 25. bxc5 axb2+ 26. Kd2 Bh6+ 27. Ke2 Bc1 28. Rxb7 Ra1 29. c6 Bf4 30.
Rxb2 1-0

[Event "GrandPrix_29.05"]
[Site "Chess.com"]
[Date "2020.05.29"]
[Round "3"]
[White "HElissalt"]
[Black "Hakob-Hakobyan-Arm"]
[Result "0-1"]
[WhiteElo "1802"]
[BlackElo "2113"]
[TimeControl "600+2"]
[EndTime "10:21:00 PDT"]
[Termination "Hakob-Hakobyan-Arm won by resignation"]

1. d4 d5 2. Bf4 Nf6 3. e3 c5 4. c3 Nc6 5. Nd2 g6 6. Bd3 Bg7 7. Ngf3 Nd7 8. O-O O-O 9. h3 e5 10.
dxe5 Ndxe5 11. Nxe5 Nxe5 12. Bxe5 Bxe5 13. Nf3 Bg7 14. e4 Be6 15. Re1 dxe4 16. Bxe4 Qb6 17.
Qc2 Rad8 18. Ng5 Bc8 19. Rad1 h6 20. Nf3 Be6 21. b3 c4 22. bxc4 Bxc4 23. Rb1 Qa6 24. Rxb7 f5 25. Bxf5 Qxb7 26. Bxg6 Qd5 27. Be4 Qd6 28.
Qa4 Bf7 29. c4 Rfe8 30. Qc2 Rc8 31. Bh7+ Kh8 32. Rxe8+ Rxe8 33. c5 Qd5 34. Bd3 Rc8 35. Qe2 Rxc5 36. Be4 Qxa2 37. Qd1 Qa1 0-1

[Event "GrandPrix_29.05"]
[Site "Chess.com"]
[Date "2020.05.29"]
[Round "3"]
[White "Y0ung_Capablanca"]
[Black "Karateloru"]
[Result "0-1"]
[WhiteElo "2134"]
[BlackElo "2224"]
[TimeControl "600+2"]
[EndTime "10:21:03 PDT"]
[Termination "Karateloru won by resignation"]

1. e4 c5 2. Nf3 e6 3. g3 Nc6 4. Bg2 Nge7 5. O-O d5 6. Qe2 d4 7. d3 Ng6 8. h4 Be7 9. Nbd2 e5 10. Nh2 Bd6 11. Nc4 O-O 12. h5 Nge7 13. f4 b5 14. Nxd6 Qxd6 15. a4 b4 16. Ng4 Bxg4 17. Qxg4 b3 18. Bd2 bxc2 19. Rac1 c4 20. Rxc2 cxd3 21. Rc4 a5 22. f5 Kh8 23. h6 Rg8 24. Qh4 f6 25.
Rf3 Rab8 26. hxg7+ Rxg7 27. Rxd3 Rxb2 28. Bh6 Rg8 29. g4 Nb4 30. Rh3 Nbd5 31. Bc1 Rxg2+ 32. Kxg2 Rg7 33. Rb3 Ne3+ 34. Bxe3 dxe3 35. Rxe3 Qd2+ 36. Qf2 Rxg4+ 37. Rg3 Rxg3+ 38. Kxg3 Qd3+ 39. Kg4 Qxc4 0-1

[Event "GrandPrix_29.05"]
[Site "Chess.com"]
[Date "2020.05.29"]
[Round "3"]
[White "chessdjw"]
[Black "ZEN-22"]
[Result "1-0"]
[WhiteElo "2252"]
[BlackElo "2079"]
[TimeControl "600+2"]
[EndTime "10:21:04 PDT"]
[Termination "chessdjw won by resignation"]

1. e4 d6 2. d4 Nd7 3. Nc3 e5 4. Nf3 Ngf6 5. Bc4 Be7 6. a4 O-O 7. O-O a5 8. h3 c6 9. Re1 Re8 10. Be3 exd4 11. Bxd4 Bf8 12. Ng5 d5 13. exd5 Rxe1+ 14. Qxe1 cxd5 15. Nxd5 Nxd5 16. Nxf7 N7b6 17.
Nxd8 Nxc4 18. Qe4 Ne7 19. Ne6 Nd6 20. Qe2 Nef5 21. Bc5 Be7 22. Nc7 Bd7 23. Nxa8 Kf7 24.
Nb6 Bc6 25. Nc4 Ne4 26. Bxe7 Nd4 27. Qh5+ Kxe7 28. Qe5+ Ne6 29. Re1 Kf7 30. Rxe4 1-0

[Event "GrandPrix_29.05"]
[Site "Chess.com"]
[Date "2020.05.29"]
[Round "3"]
[White "GeorgMeier"]
[Black "Volodar_Murzin"]
[Result "1/2-1/2"]
[WhiteElo "2630"]
[BlackElo "2478"]
[TimeControl "600+2"]
[EndTime "10:21:08 PDT"]
[Termination "Game drawn by repetition"]

1. Nf3 Nf6 2. g3 g6 3. Bg2 Bg7 4. O-O O-O 5. d4 d6 6. b3 Nbd7 7. Bb2 Re8 8. c4 e5 9. dxe5 Ng4 10. Nc3 dxe5 11. Ne4 Ngf6 12. Nxf6+ Qxf6 13. Qc2 Qe7 14. Rad1 a5 15. Qc1 Bf8 16. Bc3 f6 17. h4 Nc5 18. Ne1 c6 19. Nd3 Bg4 20. Qe3 Nxd3 21. Rxd3 Qf7 22. Rd2 a4 23. Rfd1 axb3 24. axb3 Ra3 25.
Qb6 Ra6 26. Qe3 Ra3 27. Bb2 Ra2 28. Bc3 Ra3 1/2-1/2

[Event "GrandPrix_29.05"]
[Site "Chess.com"]
[Date "2020.05.29"]
[Round "3"]
[White "Tokarev_Sergey"]
[Black "Ward-Tsh"]
[Result "0-1"]
[WhiteElo "2010"]
[BlackElo "2177"]
[TimeControl "600+2"]
[EndTime "10:21:17 PDT"]
[Termination "Ward-Tsh won by resignation"]

1. c4 c5 2. Nc3 Nc6 3. e4 g6 4. g3 Bg7 5. Bg2 e6 6. Nge2 Nge7 7. O-O O-O 8. d3 a6 9. Be3 Nd4 10. Rb1 Nec6 11. a3 Qe7 12. Qd2 Rb8 13. b4 d6 14. b5 axb5 15. cxb5 Nxe2+ 16. Nxe2 Ne5 17. h3 b6 18. f4 Nd7 19. f5 exf5 20. exf5 Re8 21.
Be4 d5 22. Bg5 Nf6 23. fxg6 dxe4 24. gxf7+ Qxf7 25. Bxf6 Bxf6 26. dxe4 Bxh3 27. Rf2 Qg7 28. Kh2 Be6 29. Nf4 Rbd8 30. Qe2 Bf7 31. Rbf1 Bd4 32.
Rf3 Re7 33. a4 Rde8 34. Qg2 Qh6+ 35. Nh3 Bc4 36. Rd1 Rxe4 0-1

[Event "GrandPrix_29.05"]
[Site "Chess.com"]
[Date "2020.05.29"]
[Round "3"]
[White "Hrant_ChessMood"]
[Black "N4700000"]
[Result "1-0"]
[WhiteElo "2820"]
[BlackElo "2498"]
[TimeControl "600+2"]
[EndTime "10:21:27 PDT"]
[Termination "Hrant_ChessMood won by resignation"]

1. d4 Nf6 2. c4 g6 3. Nc3 Bg7 4. e4 O-O 5. f3 d6 6. Nge2 b6 7.
Be3 c5 8. d5 e6 9. Ng3 exd5 10.
cxd5 Ba6 11. Bxa6 Nxa6 12. O-O Re8 13. Qd2 Nc7 14. a4 a6 15. Bh6 Bh8 16. Qf4 Re5 17. Qh4 Nfe8 18. Qxd8 Rxd8 19. Bf4 Re7 20. Bg5 Bf6 21. Bxf6 Nxf6 22. Rfb1 Nd7 23. b4 c4 24.
Nge2 Ne5 25. Nd4 Rde8 26. b5 a5 27. Nc6 Rd7 28. Rd1 Nd3 29. Nb1 f5 30. Na3 Nb2 31. Rd4 fxe4 32. fxe4 Rf7 33. Nxc4 Nxc4 34. Rxc4 Rf4 35.
Nxa5 Nxd5 36. exd5 1-0

[Event "GrandPrix_29.05"]
[Site "Chess.com"]
[Date "2020.05.29"]
[Round "3"]
[White "GoltsevDmitry2000"]
[Black "tianachess"]
[Result "1-0"]
[WhiteElo "2255"]
[BlackElo "2079"]
[TimeControl "600+2"]
[EndTime "10:21:28 PDT"]
[Termination "GoltsevDmitry2000 won by resignation"]

1. e4 Nf6 2. e5 Nd5 3. d4 d6 4. c4 Nb6 5. exd6 exd6 6. Nc3 Be7 7.
Bd3 Nc6 8. Nge2 Bg4 9. f3 Bh4+ 10. Ng3 Bd7 11. Be3 O-O 12. O-O Re8 13. Bf2 Bf6 14. Nh5 Bxd4 15. Bxd4 Nxd4 16. Bxh7+ Kxh7 17. Qxd4 Qg5 18. Nf4 Qe5 19. Qxe5 dxe5 20. Nfd5 Rac8 21. b3 Nxd5 22. Nxd5 c6 23. Ne3 Be6 24. Rad1 Rcd8 25. Kf2 f5 26. Ke2 Kg6 27. Nc2 Kf6 28. Nb4 Ke7 29. Nd3 e4 30. Nc5 exf3+ 31. Kxf3 Rxd1 32. Rxd1 Bc8 33. Re1+ Kf7 34. Rxe8 Kxe8 35. Kf4 Kf7 36. Ke5 Ke7 37. h4 b6 38. Nd3 c5 39. g3 Be6 40.
Nf4 Bc8 41. Ng2 Bb7 42. Ne3 g6 43. Nd5+ Bxd5 44. Kxd5 Kd7 45. Ke5 Ke7 46. h5 gxh5 47.
Kxf5 1-0

[Event "GrandPrix_29.05"]
[Site "Chess.com"]
[Date "2020.05.29"]
[Round "3"]
[White "szachuspl"]
[Black "gummigisla"]
[Result "1-0"]
[WhiteElo "2306"]
[BlackElo "2112"]
[TimeControl "600+2"]
[EndTime "10:21:33 PDT"]
[Termination "szachuspl won by resignation"]

1. d4 Nf6 2. c4 g6 3. Nc3 Bg7 4.
e4 d6 5. Be2 O-O 6. Nf3 Bg4 7.
Be3 Nc6 8. d5 Nb8 9. O-O c5 10.
Qd2 a6 11. a4 b6 12. h3 Bd7 13. e5 Ne8 14. Bf4 Qc7 15. exd6 exd6 16. Ne4 Bf5 17. Ng3 Bc8 18. Bd3 Nd7 19. Rfe1 Ne5 20. Nxe5 dxe5 21. Bh6 f5 22. Bxg7 Nxg7 23. Qg5 e4 24. Bf1 Qd6 25. h4 Ra7 26. a5 Rb7 27. h5 bxa5 28. Rxa5 Rxb2 29.
h6 Ne8 30. Nh5 Nf6 31. Nf4 Ng4 32. Be2 Ne5 33. Ra3 Nf7 34. Qg3 Nxh6 35. Qh4 Ng4 36. Qg3 Ne5 37. Qc3 Rb4 38. g3 g5 39. Nh5 f4 40.
Ra5 f3 41. Bf1 Bg4 42. Rxe4 Qg6 43. Qxe5 Qxh5 44. Rxa6 Bh3 45. Ra7 1-0

[Event "GrandPrix_29.05"]
[Site "Chess.com"]
[Date "2020.05.29"]
[Round "3"]
[White "Vuk2000"]
[Black "Tolya2"]
[Result "1-0"]
[WhiteElo "2172"]
[BlackElo "1842"]
[TimeControl "600+2"]
[EndTime "10:21:37 PDT"]
[Termination "Vuk2000 won by checkmate"]

1. d4 d5 2. Bf4 c5 3. e3 e6 4. c3 Nc6 5. Nd2 Bd6 6. Bg3 Nge7 7. Bd3 b6 8. Ngf3 Qc7 9. Qe2 e5 10. dxe5 Nxe5 11. Nxe5 Bxe5 12. Bb5+ Kf8 13. Nf3 Bxg3 14.
hxg3 h6 15. Rd1 Bg4 16. e4 Rd8 17. exd5 g6 18. O-O Rxd5 19. Rxd5 Nxd5 20. Bc4 Nf6 21.
Qe5 Qe7 22. Re1 Qd8 23. Re3 Kg7 24. Qe7 Rf8 25. Qxd8 Rxd8 26. Re7 Rd7 27. Re1 Bxf3 28. gxf3 Rd2 29. Re7 Rd7 30. Re2 Kf8 31. Bb5 Rd1+ 32. Kg2 h5 33. f4 a5 34. Ba4 Rb1 35. Rd2 Ke7 36. Bc6 Ra1 37. a4 Rb1 38. Bb5 Ng4 39. Re2+ Kd6 40. Bc4 f6 41. Bf7 g5 42. Re6+ Kc7 43. fxg5 Rxb2 44. Bxh5 Nxf2 45. Re2 Nd3 46. Rxb2 Nxb2 47. g6 b5 48. g7 bxa4 49. g8=Q a3 50.
Qf7+ Kb6 51. Qb3+ Kc6 52. Bf3+ Kd6 53. Qb6+ Ke5 54. Qxc5+ Ke6 55. Bd5+ Ke5 56. Bf7+ Ke4 57. Qd4+ Kf5 58. Qf4# 1-0

[Event "GrandPrix_29.05"]
[Site "Chess.com"]
[Date "2020.05.29"]
[Round "3"]
[White "Jaka_Brilej"]
[Black "Koksik_13"]
[Result "0-1"]
[WhiteElo "2160"]
[BlackElo "2087"]
[TimeControl "600+2"]
[EndTime "10:21:38 PDT"]
[Termination "Koksik_13 won by resignation"]

1. e4 e6 2. d4 d5 3. Nc3 Bb4 4. e5 c5 5. a3 Bxc3+ 6. bxc3 Ne7 7. Qg4 Qc7 8. Qxg7 Rg8 9. Qxh7 cxd4 10. Ne2 Nbc6 11. Bf4 dxc3 12. Ng3 Bd7 13. Bb5 O-O-O 14. O-O Rh8 15. Qd3 Nxe5 16. Bxd7+ Rxd7 17. Qe3 N7g6 18. Bxe5 Qxe5 19. Qxa7 Rc7 20. Rfe1 Qd6 21. Rab1 Qc5 22. Qa4 Qc6 23. Qb4 Rh4 24. Qb3 Qc4 25. Qb6 Qa6 26. Qe3 Nf4 27. Qf3 Qa4 28. Rb3 Qd4 29. Rd1 Qc4 30. Rb4 Qa2 31. Rxf4 Rxf4 32. Qxf4 Qxc2 33. Rc1 Qd2 34. Nh5 e5 35. Qg4+ Kb8 36. Qd1 Qxd1+ 37. Rxd1 d4 38. Ng3 d3 39. Ne4 f5 40. Nxc3 Rxc3 41. h4 e4 42. h5 Rxa3 43. h6 Ra6 44. f3 Rxh6 45. fxe4 fxe4 46. Kf2 Rg6 47. Ke3 Rxg2 48.
Kxe4 d2 49. Ke3 b6 50. Kf3 Rh2 51. Kg3 Re2 52. Kf3 Re5 53. Rxd2 Kb7 54. Rb2 Kc6 55. Rc2+ Kb5 56. Rb2+ Ka6 57. Kf4 Re1 58. Ra2+ Kb7 59. Rb2 Re8 60. Rb1 Re2 61. Kf3 Re6 62. Kf4 Ka6 63.
Ra1+ Kb5 64. Rb1+ Ka4 65. Ra1+ Kb3 66. Rb1+ Kc2 67. Rb5 Kc3 68. Kf5 Rh6 69. Ke4 Kc4 70. Rb1 b5 71. Rc1+ Kb4 72. Kd3 Rd6+ 73. Ke3 Ka3 74.
Rc8 b4 75. Ra8+ Kb2 76. Rb8 b3 77. Rb7 Ka2 78. Rb8 b2 79. Ra8+ Kb1 80. Rb8 Ra6 81. Kd2 Ka1 82. Kc2 Rc6+ 0-1

[Event "GrandPrix_29.05"]
[Site "Chess.com"]
[Date "2020.05.29"]
[Round "3"]
[White "VMikhalevski"]
[Black "Pidzsy"]
[Result "1-0"]
[WhiteElo "2391"]
[BlackElo "2052"]
[TimeControl "600+2"]
[EndTime "10:21:42 PDT"]
[Termination "VMikhalevski won by resignation"]

1. Nf3 c5 2. g3 Nc6 3. Bg2 g6 4. c4 Bg7 5. Nc3 e5 6. O-O d6 7. Ne1 Be6 8. d3 Nge7 9. Nc2 d5 10. cxd5 Nxd5 11. Ne3 Nde7 12. Nc4 O-O 13. Be3 b6 14. Qc1 Rc8 15. Bh6 Bxh6 16. Qxh6 Nf5 17. Qc1 Nfd4 18.
e3 Nb4 19. Nxe5 Qf6 20. f4 Rfd8 21. exd4 cxd4 22. Ne4 Qe7 23. Qd2 Rc2 24. Qd1 Rxb2 25. a3 Nd5 26. Qc1 Rxg2+ 27. Kxg2 Ne3+ 28. Kg1 Rc8 29. Qb2 f5 30. Rfc1 fxe4 31. Rxc8+ Bxc8 32. Qxd4 Nf5 33. Qc3 Bb7 34. dxe4 Nd6 35. Rd1 Kf8 36. Qb4 1-0

[Event "GrandPrix_29.05"]
[Site "Chess.com"]
[Date "2020.05.29"]
[Round "3"]
[White "lilleper1"]
[Black "Sunerorlater"]
[Result "1-0"]
[WhiteElo "2341"]
[BlackElo "2298"]
[TimeControl "600+2"]
[EndTime "10:21:44 PDT"]
[Termination "lilleper1 won by resignation"]

1. d4 Nf6 2. c4 c5 3. d5 e5 4. Nc3 d6 5. e4 Be7 6. Bd3 Nbd7 7. Nge2 h5 8. f3 a6 9. a4 Nh7 10. g3 h4 11. f4 Nhf6 12. f5 hxg3 13. Nxg3 Ng8 14. Qg4 Rh7 15. Bd2 Ndf6 16. Qf3 Bd7 17. O-O-O Qb6 18. Kc2 Qc7 19. Ra1 Rb8 20. h4 Kf8 21. h5 Nh6 22. Nge2 b5 23. axb5 axb5 24. b3 b4 25. Nb5 Bxb5 26. cxb5 Bd8 27. Ra6 Nhg8 28. Ng3 Ne7 29. h6 gxh6 30. Bxh6+ Ke8 31. Bg5 Rxh1 32. Qxh1 Neg8 33. Qh8 Kd7 34. Qg7 Ke8 35. Nh5 Qe7 36. b6 1-0

[Event "GrandPrix_29.05"]
[Site "Chess.com"]
[Date "2020.05.29"]
[Round "3"]
[White "tornikesanikidze"]
[Black "Anton_Demchenko"]
[Result "0-1"]
[WhiteElo "2190"]
[BlackElo "2594"]
[TimeControl "600+2"]
[EndTime "10:21:59 PDT"]
[Termination "Anton_Demchenko won by resignation"]

1. d4 Nf6 2. c4 d6 3. Nc3 e5 4.
Nf3 Nc6 5. e3 Be7 6. Be2 O-O 7.
O-O Re8 8. b3 exd4 9. Nxd4 Bf8 10. Nxc6 bxc6 11. Bf3 Bd7 12. Bb2 Rb8 13. Qd4 c5 14.
Qf4 h6 15. Nd5 Nxd5 16. Bxd5 Be6 17. Bc6 Bd7 18. Bd5 Be6 19. Bc3 Bxd5 20. cxd5 Qd7 21.
Rad1 Qb5 22. Rfe1 a5 23. e4 a4 24. Re3 axb3 25. Rg3 Qe2 26. Re1 Qxe1+ 27. Bxe1 b2 0-1

[Event "GrandPrix_29.05"]
[Site "Chess.com"]
[Date "2020.05.29"]
[Round "3"]
[White "grunbergmihai"]
[Black "ZefirKa"]
[Result "1-0"]
[WhiteElo "2070"]
[BlackElo "2115"]
[TimeControl "600+2"]
[EndTime "10:21:59 PDT"]
[Termination "grunbergmihai won by resignation"]

1. Nf3 d5 2. c4 dxc4 3. Qa4+ Bd7 4. Qxc4 e6 5. g3 c5 6. Bg2 Bc6 7. O-O Nf6 8. Nc3 Nbd7 9. a4 Be7 10. d4 cxd4 11. Nxd4 Bxg2 12. Kxg2 O-O 13. Rd1 Rc8 14. Qb5 Qc7 15. Bf4 Qc5 16. Nf3 Nb6 17. Be3 Qc6 18.
a5 Nc4 19. Bxa7 Qxb5 20. Nxb5 Nxb2 21. Rdb1 Nc4 22. Nbd4 Rc7 23. Bb6 Rd7 24. Rc1 Nxb6 25. axb6 Nd5 26. Ne5 Rdd8 27. Ra7 Nxb6 28. Rxb7 Rxd4 29.
Nc6 Rc4 30. Nxe7+ Kh8 31. Rb1 Nd5 32. Rb8 1-0

[Event "GrandPrix_29.05"]
[Site "Chess.com"]
[Date "2020.05.29"]
[Round "3"]
[White "Logman74"]
[Black "caspiwins"]
[Result "0-1"]
[WhiteElo "2182"]
[BlackElo "2262"]
[TimeControl "600+2"]
[EndTime "10:22:00 PDT"]
[Termination "caspiwins won by resignation"]

1. e4 d5 2. exd5 Qxd5 3. Nc3 Qd6 4. d4 Nf6 5. Nf3 a6 6. g3 Bg4 7. Bg2 Nc6 8. Bf4 Qb4 9. O-O O-O-O 10. d5 e5 11. Bd2 Nd4 12. a3 Qxb2 13. Ra2 Qb6 14. h3 Nxf3+ 15. Bxf3 Bxh3 16. Re1 Bd6 17. Na4 Qd4 18.
c3 Qc4 19. Qc2 b5 20. Kh2 Bg4 21. Bxg4+ Nxg4+ 22. Kg1 Qxa4 23. Qf5+ Kb8 24. c4 Nf6 25. Rc1 bxc4 26. Rac2 Nxd5 27. Rxc4 Qd7 28. Ba5 Qxf5 0-1

[Event "GrandPrix_29.05"]
[Site "Chess.com"]
[Date "2020.05.29"]
[Round "3"]
[White "Korchmar_Vasiliy"]
[Black "Yurovskykh_Alexander"]
[Result "1/2-1/2"]
[WhiteElo "2054"]
[BlackElo "2166"]
[TimeControl "600+2"]
[EndTime "10:22:02 PDT"]
[Termination "Game drawn by repetition"]

1. d4 d5 2. c4 dxc4 3. e3 e6 4. Bxc4 Nf6 5. Nf3 c5 6. O-O Nc6 7. Qe2 cxd4 8. Nxd4 Nxd4 9. exd4 Be7 10. Rd1 Bd7 11. Nc3 Bc6 12. d5 Nxd5 13. Nxd5 exd5 14. Bxd5 Bxd5 15. Qb5+ Qd7 16. Qxd5 Rd8 17. Qxd7+ Rxd7 18. Be3 a6 19. Rac1 Rxd1+ 20. Rxd1 f6 21. g3 Rf8 22.
Bb6 Rf7 23. Kg2 f5 24. Rc1 Bd6 25. Rd1 Rd7 26. Kf3 Be7 27. Rxd7 Kxd7 28. Kf4 Ke6 29. h4 g6 30. Bd4 Bf8 31. Kg5 Kf7 32. h5 Be7+ 33. Kh6 Bf8+ 34. Kg5 Be7+ 35. Kh6 Bf8+ 36. Kg5 1/2-1/2

[Event "GrandPrix_29.05"]
[Site "Chess.com"]
[Date "2020.05.29"]
[Round "3"]
[White "esskeettit"]
[Black "MAS_1704"]
[Result "0-1"]
[WhiteElo "2151"]
[BlackElo "2111"]
[TimeControl "600+2"]
[EndTime "10:22:19 PDT"]
[Termination "MAS_1704 won by checkmate"]

1. d4 g6 2. c4 Bg7 3. e4 d6 4. Nf3 c5 5. d5 Nf6 6. Nc3 O-O 7.
h3 e5 8. Be2 Ne8 9. O-O h6 10.
a3 f5 11. b4 Na6 12. Rb1 Nf6 13. exf5 gxf5 14. Qc2 Nh7 15. Re1 b6 16. Bd2 Kh8 17.
Nb5 Nc7 18. bxc5 Nxb5 19. Rxb5 bxc5 20. Reb1 e4 21. Nh2 Qf6 22. Bf4 Qg6 23. Nf1 Rg8 24. Ng3 Be5 25. Bxe5+ dxe5 26. Qc3 Qd6 27. Bh5 Nf6 28.
Bf7 Rg7 29. Be6 Bxe6 30. dxe6 Qxe6 31. Rxc5 Re8 32. Rbb5 Nd7 33. Rc7 Reg8 34. f4 Rxg3 35. Qb4 Rxg2+ 36. Kf1 Rg1+ 37. Ke2 R8g2+ 38. Ke3 exf4+ 39.
Kxf4 Rf1+ 40. Ke3 Rf3+ 41. Kd4 Rd3# 0-1

[Event "GrandPrix_29.05"]
[Site "Chess.com"]
[Date "2020.05.29"]
[Round "3"]
[White "GM_Levan_Pantsulaia"]
[Black "Micki-taryan"]
[Result "1-0"]
[WhiteElo "2782"]
[BlackElo "2495"]
[TimeControl "600+2"]
[EndTime "10:22:28 PDT"]
[Termination "GM_Levan_Pantsulaia won by resignation"]

1. Nf3 d5 2. g3 Nc6 3. c4 d4 4.
Bg2 e5 5. d3 Nf6 6. O-O a5 7.
e3 Be7 8. exd4 exd4 9. Na3 Nd7 10. Nb5 Nc5 11. Re1 O-O 12. Bf4 Ne6 13. Rxe6 fxe6 14. Bxc7 Qd7 15. Qe2 Kh8 16. Re1 Bf6 17. a4 Qf7 18.
Bd6 Rd8 19. Ne5 Nxe5 20. Bxe5 Bxe5 21. Qxe5 Qf6 22. Qc7 e5 23. Qxe5 Bf5 24. Qxf6 gxf6 25. Bxb7 Re8 26. Rd1 Rad8 27. Bd5 Bg4 28. f3 Bd7 29.
Nxd4 Bxa4 30. Ra1 Bd7 31. Rxa5 Re1+ 32. Kf2 Rd1 33. Ke3 Re8+ 34. Be4 Rh1 35. h4 Bh3 36. b4 Rb1 37. Rb5 Bd7 38. Rb7 Bc8 39. Rb8 1-0

[Event "GrandPrix_29.05"]
[Site "Chess.com"]
[Date "2020.05.29"]
[Round "3"]
[White "0plaksin0"]
[Black "Misi_95"]
[Result "0-1"]
[WhiteElo "2177"]
[BlackElo "2259"]
[TimeControl "600+2"]
[EndTime "10:22:34 PDT"]
[Termination "Misi_95 won by resignation"]

1. e4 e5 2. Nc3 Nf6 3. f4 d5 4. fxe5 Nxe4 5. Nf3 Bc5 6. Qe2 Bf5 7. d4 Bb4 8. Bd2 Bxc3 9. bxc3 O-O 10. Qe3 Nxd2 11. Qxd2 Be4 12. Be2 f6 13. O-O Nd7 14. exf6 Qxf6 15. Ne5 Qd6 16. Nxd7 Qxd7 17. Bd3 Qg4 18. Rae1 Rxf1+ 19. Rxf1 Re8 20. Qf2 Qe6 21. Re1 Qg6 22.
Qg3 Qxg3 23. hxg3 Kf7 24. Bxe4 Rxe4 25. Rf1+ Kg6 26. Kf2 Re6 27. Rb1 b6 28. Rd1 Rc6 29. Rd3 Rc4 30. Re3 Kf6 31. Rf3+ Ke6 32. Re3+ Kd6 33.
Rf3 Ra4 34. Ke2 Rxa2 35. Kd2 Ra1 36. Rf7 g6 37. Rxh7 Rg1 38. Ke3 Rxg2 39. Kf3 Rxc2 40.
Rh6 Rxc3+ 41. Kf2 a5 42. Rxg6+ Ke7 43. Rg7+ Kf6 44. Rd7 Ke6 45. Rd8 a4 46. Ra8 a3 47.
g4 b5 48. g5 b4 49. Rf8 a2 50. g6 a1=Q 51. g7 Qb2+ 0-1

[Event "GrandPrix_29.05"]
[Site "Chess.com"]
[Date "2020.05.29"]
[Round "3"]
[White "DenLaz"]
[Black "metra93"]
[Result "1-0"]
[WhiteElo "2553"]
[BlackElo "2482"]
[TimeControl "600+2"]
[EndTime "10:22:38 PDT"]
[Termination "DenLaz won by resignation"]

1. d4 d5 2. c4 e6 3. Nf3 Nf6 4. Nc3 Bb4 5. Qa4+ Nc6 6. e3 O-O 7. Bd2 a6 8. Qc2 Re8 9. Rd1 dxc4 10. Bxc4 b5 11. Bd3 Bd6 12. Ne4 Nb4 13. Nxf6+ Qxf6 14.
Bxb4 Bxb4+ 15. Ke2 e5 16. Bxh7+ Kh8 17. dxe5 Qh6 18.
Be4 Be6 19. Bd5 Rad8 20. Bxe6 Qxe6 21. b3 Qg4 22. h3 Qh5 23. Rxd8 Rxd8 24. Rd1 Re8 25.
Qc6 Re6 26. Rd8+ Kh7 27. Qe4+ g6 28. Qf4 Kg7 29. Rd7 Qf5 30. Qxf5 gxf5 31. Rxc7 Rg6 32.
Nh4 Re6 33. Nxf5+ Kg6 34. Nh4+ Kg5 35. Nf3+ Kf5 36. Kd3 1-0